Map: Glittering Ashes LE

Players

Nina - Winner!

  • Race: Protoss Protoss
  • League: Grandmaster

Kelazhur

  • Race: Terran Terran

Event: DreamHack SC2 Masters Last Chance 2022

VOD

Have the link to the VOD?

Description

Time

  • Played on: Dec. 19, 2021, 7 p.m.
  • Length: 15:40

All games in this series

Show
View Real Time Build Order
Export as new Build Order

Nina Protoss - Winner!

Build Orders: 1 Gate Expand, Blink Stalkers 

Get SALT Encoding   

  12  0:00  Probe  
  13  0:12  Probe  
  14  0:17  Pylon  
  14  0:24  Probe  
  15  0:36  Probe (Chrono Boost)  
  15  0:37  Gateway  
  16  0:48  Assimilator, Probe (Chrono Boost)  
  17  0:52  Probe (Chrono Boost)  
  18  1:03  Probe  
  19  1:15  Probe  
  20  1:24  Cybernetics Core  
  20  1:33  Nexus  
  20  1:42  Pylon  
  20  1:44  Probe  
  20  1:57  Assimilator, Probe (Chrono Boost)  
  21  2:01  Stalker  
  21  2:03  Warp Gate  
  24  2:09  Probe (Chrono Boost)  
  24  2:15  Probe (Chrono Boost)  
  25  2:24  Probe  
  26  2:32  Twilight Council  
  26  2:36  Stalker  
  29  2:37  Probe (Chrono Boost)  
  29  2:47  Probe x2 (Chrono Boost)  
  31  2:55  Probe x2 (Chrono Boost)  
  33  3:00  Probe (Chrono Boost)  
  33  3:03  Probe  
  35  3:06  Stalker (Chrono Boost)  
  35  3:11  Probe  
  35  3:12  Blink  
  38  3:17  Gateway  
  39  3:25  Gateway  
  39  3:28  Pylon  
  38  3:40  Probe  
  37  3:44  Probe  
  37  3:53  Stalker  
  40  3:55  Probe (Chrono Boost)  
  40  3:57  Probe (Chrono Boost)  
  41  4:06  Probe (Chrono Boost)  
  41  4:08  Probe (Chrono Boost)  
  42  4:11  Probe (Chrono Boost)  
  42  4:13  Stalker  
  45  4:17  Probe  
  45  4:18  Nexus  
  45  4:23  Probe  
  47  4:30  Robotics Facility, Probe  
  48  4:35  Stalker  
  50  4:39  Stalker  
  50  4:41  Probe  
  50  4:42  Probe  
  50  4:44  Pylon  
  54  4:47  Assimilator  
  54  4:51  Pylon  
  54  5:02  Probe (Chrono Boost)  
  54  5:04  Probe (Chrono Boost)  
  56  5:08  Stalker x3  
  63  5:14  Probe (Chrono Boost)  
  63  5:15  Assimilator  
  63  5:19  Probe (Chrono Boost)  
  63  5:21  Robotics Bay, Probe (Chrono Boost)  
  64  5:26  Probe  
  66  5:29  Probe  
  66  5:30  Probe  
  66  5:34  Observer  
  69  5:36  Charge  
  69  5:37  Gateway  
  69  5:39  Probe  
  69  5:40  Gateway  
  69  5:41  Probe  
  71  5:43  Probe  
  71  5:47  Gateway  
  72  5:50  Gateway  
  72  5:53  Sentry  
  72  5:54  Probe, Sentry  
  72  5:56  Probe  
  78  5:58  Probe  
  78  6:00  Pylon  
  79  6:11  Colossus (Chrono Boost), Pylon  
  80  6:16  Pylon  
  85  6:18  Probe x2  
  85  6:19  Probe  
  85  6:21  Sentry  
  90  6:25  Pylon  
  90  6:28  Shield Battery  
  90  6:30  Probe x2  
  90  6:31  Forge  
  92  6:35  Probe  
  93  6:41  Gateway  
  93  6:43  Probe x2  
  95  6:51  Zealot  
  95  6:52  Zealot  
  99  6:56  Colossus (Chrono Boost)  
  99  7:00  Zealot x2  
  107  7:10  Probe  
  107  7:14  Stalker x2  
  107  7:15  Zealot x3  
  112  7:17  Protoss Ground Weapons Level 1 (Chrono Boost)  
  112  7:21  Pylon x2  
  116  7:23  Probe  
  116  7:25  Assimilator  
  117  7:31  Observer  
  117  7:35  Pylon  
  117  7:36  Pylon  
  117  7:37  Pylon  
  117  7:38  Forge  
  117  7:39  Probe x2  
  117  7:41  Disruptor  
  117  7:43  Zealot  
  124  7:44  Probe  
  124  7:46  Assimilator  
  124  7:48  Zealot x3  
  131  7:58  Zealot x4  
  134  8:08  Probe x2  
  134  8:12  Robotics Bay, Probe  
  135  8:16  Nexus  
  135  8:17  Zealot  
  135  8:18  Observer  
  136  8:23  Zealot x3  
  140  8:27  Protoss Ground Armor Level 1  
  140  8:33  Zealot x3  
  140  8:37  Zealot  
  140  8:38  Probe  
  140  8:40  Pylon  
  141  8:51  Stalker x4  
  139  8:57  Probe  
  139  8:59  Probe x2  
  140  9:02  Robotics Facility  
  140  9:08  Zealot x4  
  146  9:10  Probe  
  146  9:11  Probe  
  146  9:12  Photon Cannon, Probe  
  130  9:22  Probe  
  130  9:23  Probe  
  132  9:24  Probe  
  132  9:26  Disruptor  
  136  9:34  Probe  
  137  9:42  Stalker  
  137  9:43  Stalker x4  
  137  9:44  Probe  
  112  9:48  Probe  
  112  9:50  Probe x2  
  105  9:54  Extended Thermal Lance  
  105  9:56  Probe  
  102  10:00  Probe  
  85  10:07  Zealot x3  
  85  10:08  Zealot  
  85  10:10  Probe  
  88  10:15  Disruptor (Chrono Boost)  
  88  10:16  Zealot x2  
  88  10:18  Probe  
  95  10:22  Colossus (Chrono Boost), Probe  
  100  10:32  Protoss Ground Armor Level 2 (Chrono Boost)  
  100  10:34  Zealot x3  
  100  10:35  Probe  
  107  10:49  Stalker x3  
  112  10:53  Stalker x2  
  117  11:01  Probe x4, Protoss Ground Weapons Level 2 (Chrono Boost)  
  117  11:02  Observer (Chrono Boost)  
  121  11:06  Stalker  
  121  11:11  Colossus (Chrono Boost)  
  121  11:13  Probe x2  
  121  11:15  Probe  
  121  11:16  Stalker  
  121  11:17  Probe  
  133  11:25  Probe  
  134  11:28  Probe, Disruptor  
  136  11:33  Zealot x5  
  136  11:38  Stalker  
  148  11:40  Stalker  
  148  11:41  Zealot  
  147  12:02  Stalker x5, Disruptor  
  148  12:12  Disruptor  
  113  12:33  Zealot x8  
  113  12:36  Gateway  
  113  12:37  Gateway, Disruptor  
  126  12:41  Templar Archives, Shield Battery  
  126  12:43  Photon Cannon  
  129  12:44  Photon Cannon  
  129  12:46  Photon Cannon  
  129  12:51  Colossus  
  129  12:53  Pylon  
  133  13:00  Zealot x6  
  133  13:01  Zealot x2  
  147  13:13  Disruptor  
  150  13:24  Zealot x4  
  150  13:25  Zealot x4  
  164  13:38  Zealot x2  
  158  13:45  Disruptor  
  158  13:46  Assimilator x2  
  158  13:47  Zealot  
  158  13:48  Zealot x6  
  175  13:49  Disruptor  
  176  13:58  Stalker  
  176  13:59  Stalker  
  176  14:06  Stalker  
  178  14:12  Pylon  
  178  14:14  Pylon  
  178  14:20  Disruptor  
  173  14:30  Stalker x5  
  173  14:31  Stalker  
  181  14:43  Colossus  
  185  14:47  Zealot x3  
  188  15:16  Stalker x3  
  192  15:24  Nexus  
  192  15:26  Stalker  
  192  15:27  Stalker x3  
  181  15:37  Stalker  
  181  15:38  Zealot  
Show
View Real Time Build Order
Export as new Build Order

Kelazhur Terran 

Build Orders:  

Get SALT Encoding   

  12  0:00  SCV  
  13  0:12  SCV  
  14  0:17  Supply Depot  
  14  0:24  SCV  
  15  0:38  SCV  
  15  0:40  Barracks  
  16  0:42  Refinery  
  16  0:50  SCV  
  17  1:03  SCV  
  18  1:15  SCV  
  19  1:27  Marine, Orbital Command  
  20  1:43  Command Center  
  20  1:53  Factory  
  20  1:55  SCV  
  21  2:02  Barracks Reactor  
  21  2:07  SCV  
  22  2:08  Supply Depot  
  22  2:19  SCV  
  22  2:20  Refinery  
  23  2:31  SCV  
  24  2:40  Starport  
  28  2:44  Hellion x2, SCV  
  29  2:54  Orbital Command  
  29  2:55  Barracks Tech Lab  
  29  2:57  SCV  
  30  3:07  Hellion x2  
  30  3:10  SCV  
  34  3:18  Bunker  
  34  3:20  SCV  
  34  3:22  SCV  
  36  3:32  SCV  
  37  3:35  SCV  
  36  3:44  SCV  
  36  3:46  Marine x2  
  36  3:47  SCV, Siege Tank  
  41  3:54  Supply Depot  
  41  3:55  Supply Depot  
  41  3:56  SCV, Barracks  
  41  3:59  SCV  
  41  4:02  Barracks  
  43  4:04  Marine  
  43  4:09  SCV  
  45  4:11  SCV  
  45  4:14  Engineering Bay  
  46  4:19  Siege Tank  
  46  4:21  SCV  
  46  4:23  SCV  
  51  4:31  Marine x2  
  51  4:33  SCV  
  51  4:35  SCV  
  55  4:44  Terran Infantry Weapons Level 1  
  55  4:45  Barracks Tech Lab, SCV  
  56  4:47  SCV, Refinery  
  56  4:49  Marine x2  
  62  4:53  Supply Depot  
  62  4:58  SCV  
  61  5:00  SCV  
  61  5:05  Factory Reactor  
  61  5:06  Stimpack, Combat Shield  
  61  5:07  Supply Depot  
  61  5:11  Refinery  
  61  5:14  Marauder, SCV  
  61  5:15  Marauder, Supply Depot x2, SCV  
  61  5:17  Marine x2  
  67  5:24  Starport  
  67  5:27  SCV x2  
  67  5:35  Marine x2  
  69  5:36  Marauder x2  
  73  5:49  Command Center  
  73  5:50  Factory Reactor  
  73  5:51  SCV x2  
  73  5:53  Marine x2  
  77  5:57  Marauder x2  
  77  6:02  Supply Depot  
  81  6:11  Marine x2  
  80  6:12  Medivac x2  
  86  6:18  Supply Depot  
  86  6:19  Marauder x2  
  90  6:26  Concussive Shells  
  90  6:27  Supply Depot  
  90  6:30  Marine x2  
  92  6:34  SCV x2  
  92  6:36  Barracks x2  
  94  6:42  Medivac x2, Terran Infantry Armor Level 1  
  98  6:48  Marauder  
  98  6:49  Marauder, SCV  
  103  6:58  Marine x2  
  103  6:59  SCV  
  106  7:02  Supply Depot  
  106  7:08  Widow Mine x2  
  110  7:17  Marine x2  
  110  7:18  Marauder x2  
  110  7:19  Medivac x2  
  110  7:20  Orbital Command  
  120  7:27  SCV  
  120  7:29  Widow Mine x2  
  125  7:34  Barracks Tech Lab, Barracks Reactor  
  125  7:35  SCV  
  126  7:37  Marine x2  
  126  7:39  Marauder x2  
  132  7:44  Orbital Command  
  132  7:49  Medivac, SCV  
  132  7:51  Widow Mine x2  
  139  7:56  Marauder  
  141  8:04  Marine x2  
  141  8:05  Marauder  
  141  8:08  Marauder  
  141  8:12  Widow Mine x2  
  141  8:16  Armory  
  141  8:19  SCV  
  141  8:22  Supply Depot x2  
  141  8:30  Marine  
  141  8:31  Marauder  
  141  8:34  Marauder, Marine x3  
  138  8:37  SCV  
  141  8:43  Supply Depot  
  141  8:44  Marauder, SCV  
  139  8:53  Marauder  
  139  8:54  Widow Mine x2  
  141  8:55  Marauder  
  141  8:57  Marine x2  
  141  9:02  Viking x2  
  141  9:06  Marauder  
  141  9:14  Marauder  
  141  9:16  Widow Mine  
  142  9:17  Marauder  
  142  9:20  Marine  
  142  9:23  Marine  
  138  9:27  Marauder  
  140  9:32  Viking x2  
  140  9:35  Marauder, Marine x2  
  140  9:38  Marauder, Marine  
  129  9:46  Marine  
  129  9:48  Marauder  
  121  9:53  Marine x2  
  121  9:55  Marine  
  121  9:57  Marauder  
  120  10:00  Marauder  
  120  10:02  Viking  
  120  10:04  Marine, Orbital Command  
  105  10:09  Marine  
  105  10:10  Terran Infantry Weapons Level 2  
  105  10:11  Marine  
  107  10:21  Marauder, Marine x2  
  107  10:26  Marine  
  107  10:27  Marauder, Marine  
  115  10:28  Marine  
  116  10:39  Marine x2  
  116  10:43  Marauder  
  116  10:45  Marauder, Medivac x2  
  116  10:46  Widow Mine x2  
  116  10:48  Marauder  
  126  10:50  Marine x2  
  124  10:59  Marine  
  124  11:02  Refinery  
  125  11:04  Marauder  
  125  11:06  Command Center  
  125  11:08  Widow Mine  
  129  11:13  Ghost Academy, Marine x3  
  129  11:14  Marauder  
  129  11:17  Marine  
  129  11:18  Marauder, Widow Mine  
  139  11:20  Medivac x2  
  139  11:25  Marine  
  144  11:29  Supply Depot, Widow Mine  
  144  11:30  SCV x2  
  144  11:31  SCV, Refinery, Marine  
  150  11:35  Marauder, Supply Depot  
  150  11:36  Supply Depot, Marine x2  
  150  11:38  Marine  
  150  11:39  Marauder  
  155  11:41  Widow Mine  
  157  11:49  Supply Depot  
  157  11:50  Viking x2, Marine  
  157  11:51  Widow Mine  
  157  11:53  Marine  
  163  11:55  Ghost  
  163  12:00  Ghost  
  154  12:08  Ghost  
  153  12:12  Marine x3  
  153  12:13  Marine  
  157  12:20  Viking x2  
  135  12:25  Marauder  
  135  12:29  Marauder  
  129  12:30  Marine  
  129  12:34  Widow Mine  
  130  12:37  Marauder  
  130  12:39  Planetary Fortress  
  130  12:42  Missile Turret  
  130  12:46  Marauder  
  130  12:50  Marauder, SCV x3, Medivac x2  
  141  12:52  Marine x2  
  141  12:53  Marine x2  
  147  12:58  Marauder  
  147  13:04  SCV  
  147  13:09  Marauder  
  147  13:10  Marine x3  
  149  13:18  Barracks  
  149  13:19  Barracks  
  149  13:20  Marine, Barracks  
  148  13:28  Widow Mine x2  
  148  13:39  Marine x3  
  148  13:40  Marauder  
  148  13:41  Marauder, Marine x2  
  138  13:50  Widow Mine x2  
  142  13:57  Marine x3  
  142  13:58  Marine  
  142  13:59  Marauder  
  142  14:01  Marauder  
  142  14:02  Marine  
  138  14:07  Barracks Tech Lab x2, Barracks Reactor  
  136  14:11  Widow Mine x2  
  136  14:15  Marine x2  
  136  14:17  Marine  
  142  14:19  Ghost  
  142  14:20  Ghost  
  142  14:22  Ghost  
  143  14:26  Medivac x2  
  143  14:28  Ghost  
  143  14:32  Widow Mine  
  143  14:34  Marine  
  143  14:36  Ghost  
  143  14:37  Marine x2  
  149  14:48  Ghost  
  151  14:54  Ghost  
  151  14:56  Medivac x2  
  152  15:00  Marine  
  147  15:07  Marauder x3, Marine  
  147  15:12  Marine  
  147  15:13  Marine x3  
  151  15:17  Marauder  
  151  15:18  Marine  

Tags
 
Add a new tag
Caveats
  • Supply blocks, unpowered buildings, or Contaminate may cause inaccurate times.
  • Supply counts are checked every 10 seconds.